 Dungeon Crawl Stone Soup version 0.22.0-21-g8bd1b0a (webtiles) character file.

30543 riellis the Severer (level 13, -4/104 HPs)
             Began as a Minotaur Fighter on Aug 20, 2018.
             Was a High Priest of Okawaru.
             Slain by a tyrant leech (11 damage)
             ... on level 5 of the Lair of Beasts.
             The game lasted 00:37:15 (15996 turns).

riellis the Severer (Minotaur Fighter)             Turns: 15996, Time: 00:37:16

Health: -4/104     AC: 26    Str: 31    XL:     13   Next: 21%
Magic:  0/18       EV: 14    Int:  5    God:    Okawaru [*****.]
Gold:   410        SH:  0    Dex:  7    Spells: 12/12 levels left

rFire    + + .     SeeInvis +   R - +0 executioner's axe (freeze)
rCold    . . .     Gourm    .   (shield currently unavailable)
rNeg     + . .     Faith    .   o - +0 chain mail
rPois    .         Spirit   +   J - +2 hat of the Bear Spirit {Spirit, +Rage rN+ MR++}
rElec    .         Reflect  .   V - +2 cloak "Ogiptesu" {rF++ Str+4 Dex-5 SInv}
rCorr    .         Harm     .   M - +1 pair of gloves {Str+3}
MR       ++...                  E - +1 pair of boots {Stlth+}
Stlth    ..........             (no amulet)
HPRegen  0.27/turn              I - +3 ring of evasion
MPRegen  0.16/turn              y - +6 ring of slaying

@: heroism, finesse
A: retaliatory headbutt, horns 2
a: Heroism, Finesse, Renounce Religion, Evoke Berserk Rage


You were on level 5 of the Lair of Beasts.
You worshipped Okawaru.
Okawaru was extremely pleased with you.
You were not hungry.

You visited 2 branches of the dungeon, and saw 17 of its levels.

You collected 1074 gold pieces.
You spent 664 gold pieces at shops.

Inventory:

Hand Weapons
 a - a +1 war axe
 t - a +1 dagger of speed
 u - a +1 dagger of speed
 R - a +0 executioner's axe of freezing (weapon)
 U - a +1 battleaxe of venom
Missiles
 e - 5 steel tomahawks (quivered)
 m - 13 tomahawks
 G - 2 throwing nets
Armour
 b - a +0 scale mail
 c - a +0 shield
 o - a +0 chain mail (worn)
 q - a +1 cloak
 v - a scarf of resistance
 E - a +1 pair of boots of stealth (worn)
 J - the +2 hat of the Bear Spirit (worn) {Spirit, +Rage rN+ MR++}
   (You bought it in a shop on level 10 of the Dungeon)

   It protects you from negative energy.
   It affects your resistance to hostile enchantments.
   It lets you go berserk.
 M - a +1 pair of gloves of strength (worn)
 V - the +2 cloak "Ogiptesu" (worn) {rF++ Str+4 Dex-5 SInv}
   (Okawaru gifted it to you on level 4 of the Lair of Beasts)

   It affects your strength (+4).
   It affects your dexterity (-5).
   It greatly protects you from fire.
   It lets you see invisible.
Jewellery
 h - an uncursed ring of wizardry
 i - an uncursed ring of protection from fire
 y - a +6 ring of slaying (right hand)
 I - a +3 ring of evasion (left hand)
 P - an uncursed ring of magical power
 S - a cursed amulet of inaccuracy {unknown}
Wands
 r - a wand of clouds (5)
 s - a wand of enslavement (20)
 C - a wand of iceblast (26)
 H - a wand of random effects (24)
 K - a wand of flame (51)
 T - a wand of paralysis (18)
Scrolls
 d - 7 scrolls of teleportation
 j - 18 scrolls of identify
 l - 10 scrolls of remove curse
 n - 2 scrolls of fog
 x - 2 scrolls of enchant armour
 L - a scroll of enchant weapon
 O - a scroll of magic mapping
 Q - a scroll of silence
Potions
 g - 6 potions of curing
 k - 4 potions of brilliance
 p - 2 potions of agility
 w - a potion of heal wounds
 z - a potion of ambrosia
 A - 2 potions of mutation
 B - 5 potions of might
 F - 2 potions of cancellation
 N - 3 potions of lignification
Miscellaneous
 D - a phial of floods
Comestibles
 f - 30 rations
 W - 3 chunks of flesh


   Skills:
 + Level 6.9(11.9) Fighting
 * Level 18.3(23.3) Axes
 + Level 13.9(18.9) Armour
 - Level 3.6(8.6) Shields
 - Level 8.0 Invocations
 + Level 4.1 Evocations


You had 12 spell levels left.
You didn't know any spells.
Your spell library contained the following spells:

 Spells                   Type           Power        Failure   Level  Hunger
 Corona                   Hex            #......      82%         1    ##.....
 Sandblast                Erth           #.....       82%         1    ##.....
 Sting                    Conj/Pois      #...         82%         1    ##.....
 Ensorcelled Hibernation  Hex/Ice        #.....       91%         2    ###....
 Passwall                 Tmut/Erth      #.......     91%         2    ###....
 Poisonous Vapours        Pois/Air       #.....       91%         2    ###....
 Confuse                  Hex            #.......     99%         3    ####...
 Dazzling Spray           Conj/Hex       #.....       99%         3    ####...
 Mephitic Cloud           Conj/Pois/Air  #.......     99%         3    ####...
 Static Discharge         Conj/Air       #.......     99%         3    ####...
 Stone Arrow              Conj/Erth      #.....       99%         3    ####...
 Tukima's Dance           Hex            #.......     99%         3    ####...
 Vampiric Draining        Necr           #.........   99%         3    ####...
 Airstrike                Air            #.........   100%        4    #####..
 Olgreb's Toxic Radiance  Pois           #.......     100%        4    #####..
 Petrify                  Tmut/Erth      #.......     100%        4    #####..
 Summon Lightning Spire   Summ/Air       #.......     100%        4    #####..
 Lee's Rapid Deconstruct  Erth           #.........   100%        5    ######.
 Venom Bolt               Conj/Pois      #.........   100%        5    ######.


Dungeon Overview and Level Annotations

Branches:
Dungeon (12/15)            Temple (0/1) D:7            Lair (5/6) D:10
 Shoals (0/4) Lair:2        Snake (0/4) Lair:4
  Slime: Lair:5-6       Orc: D:9-12

Altars:
Ashenzari
Dithmenos
Hepliaklqana
Kikubaaqudgha
Nemelex Xobeh
Okawaru
Ru
Trog
Uskayaw
Vehumet
Wu Jian
Zin

Shops:
D:10 [   D:12 =

Annotations:
D:9 exclusion: orange crystal statue


Innate Abilities, Weirdness & Mutations

You reflexively headbutt those who attack you in melee.
You have a pair of horns on your head.


Message History

The tyrant leech barely misses you. You furiously retaliate!
You headbutt the tyrant leech! The tyrant leech closely misses you.
The tyrant leech bites you but does no damage.
The tyrant leech bites you!
* * * LOW HITPOINT WARNING * * *
The tyrant leech draws strength from your injuries!
A moth of wrath comes into view.
The swamp worm bites you!
* * * LOW HITPOINT WARNING * * *
The tyrant leech bites you.
* * * LOW HITPOINT WARNING * * *
The tyrant leech draws strength from your injuries!
The tyrant leech bites you.
* * * LOW HITPOINT WARNING * * *
The tyrant leech barely misses you.
The moth of wrath's fur bristles in rage as it notices you.
The swamp worm bites you!
* * * LOW HITPOINT WARNING * * *
The tyrant leech bites you!
You die...

#P..........#.......<.#
##.P...........>......#
#PPP...................
#P.....................
.#..##............>.....
.........................
......#..............##...
.##.................## ###
......w@w≈≈≈≈≈≈.. #
#......w≈w≈≈≈≈≈≈≈≈ #
P....≈ww#######≈≈
.....≈wP# ≈ .....≈≈y≈ .
.<...≈≈≈# .# P....≈≈≈# #.
......≈≈≈ .. ..≈≈≈≈..≈ .


You could see 5 tyrant leeches, a moth of wrath and 2 swamp worms.

Vanquished Creatures
  Gastronok (Lair:1)
  Josephine (D:10)
  A hydra (Lair:1)
  3 two-headed ogres
  A lindwurm (Lair:4)
  2 ugly things (D:11)
  A centaur zombie (D:10)
  4 elephants (Lair:5)
  Psyche (D:10)
  5 spiny frogs
  13 rime drakes (Lair:4)
  2 komodo dragons
  3 merfolk
  A troll (D:11)
  A tyrant leech (Lair:5)
  7 blink frogs
  7 dream sheep (Lair:5)
  4 hippogriffs
  Sigmund (D:4)
  4 wraiths (D:10)
  A wyvern (Lair:2)
  A fire elemental (Lair:1)
  A vampire (D:10)
  Eustachio (D:4)
  9 steam dragons (Lair:4)
  20 yaks
  A swamp worm (Lair:5)
  2 nagas (Lair:4)
  A soldier ant (D:10)
  6 water moccasins
  8 porcupines
  3 orc warriors
  2 sky beasts
  3 black bears
  3 phantoms
  2 ice beasts (D:10)
  5 ogres
  6 wolves (Lair:2)
  A necrophage (D:6)
  A centaur (D:11)
  7 crocodiles
  5 big kobolds
  13 bullfrogs
  A gnoll sergeant (D:9)
  A scorpion (D:5)
  A water moccasin skeleton (D:10)
  A water moccasin zombie (D:9)
  8 killer bees
  5 wights (D:11)
  2 electric eels
  A howler monkey (D:7)
  3 crimson imps
  2 jellies
  2 quasits
  4 hounds
  6 orc wizards
  2 orc priests
  2 centaur skeletons
  8 worker ants
  10 gnolls
  8 adders
  2 shadow imps
  An adder zombie (D:6)
  An adder skeleton (D:9)
  2 worms (D:3)
  2 dart slugs (D:1)
  6 leopard geckos
  30 orcs
  8 bats
  7 giant cockroaches
  7 goblins
  10 hobgoblins
  4 jackals
  35 kobolds
  6 quokkas
  4 frilled lizards
  A jackal zombie (D:3)
  A leopard gecko skeleton (D:4)
  A leopard gecko zombie (D:6)
  10 rats
  A butterfly (Lair:1)
  4 fungi
  3 plants
378 creatures vanquished.

Vanquished Creatures (collateral kills)
  A scorpion (D:10)
1 creature vanquished.

Vanquished Creatures (others)
  5 fungi
  5 plants
10 creatures vanquished.

Grand Total: 389 creatures vanquished

Notes
Turn   | Place    | Note
-------+----------+-------------------------------------------
     0 | D:1      | riellis the Minotaur Fighter began the quest for the Orb.
     0 | D:1      | Reached XP level 1. HP: 19/19 MP: 0/0
   161 | D:1      | Reached skill level 3 in Axes
   240 | D:1      | Reached XP level 2. HP: 22/26 MP: 1/1
   645 | D:2      | Found a shattered altar of Ashenzari.
   645 | D:2      | Found a sparkling altar of Nemelex Xobeh.
   645 | D:2      | Found a radiant altar of Vehumet.
   646 | D:2      | Found an iron altar of Okawaru.
   646 | D:2      | Found a hide-covered altar of Uskayaw.
   660 | D:2      | Became a worshipper of Warmaster Okawaru
   946 | D:2      | Reached XP level 3. HP: 30/31 MP: 2/2
  1057 | D:2      | Found an ornate altar of the Wu Jian Council.
  1632 | D:3      | Reached skill level 4 in Axes
  1638 | D:3      | Reached skill level 1 in Invocations
  1638 | D:3      | Reached XP level 4. HP: 20/39 MP: 3/3
  1865 | D:3      | You fall through a shaft!
  2463 | D:3      | Found a sacrificial altar of Ru.
  2749 | D:3      | Reached XP level 5. HP: 45/45 MP: 5/5
  2934 | D:4      | Noticed Sigmund
  2948 | D:4      | Killed Sigmund
  2948 | D:4      | Reached * piety under Okawaru
  2948 | D:4      | Reached skill level 5 in Axes
  2948 | D:4      | Reached skill level 5 in Armour
  2948 | D:4      | Reached XP level 6. HP: 48/51 MP: 6/6
  2970 | D:4      | Reached skill level 6 in Axes
  3003 | D:4      | Reached ** piety under Okawaru
  3186 | D:4      | Reached skill level 7 in Axes
  3186 | D:4      | Reached XP level 7. HP: 44/57 MP: 8/8
  3320 | D:4      | Noticed Eustachio
  3337 | D:4      | Killed Eustachio
  3337 | D:4      | Reached skill level 8 in Axes
  3566 | D:5      | Entered Level 5 of the Dungeon
  3666 | D:5      | Reached *** piety under Okawaru
  3901 | D:5      | Reached XP level 8. HP: 64/64 MP: 9/9
  4045 | D:5      | Reached skill level 9 in Axes
  4385 | D:6      | Found an ancient bone altar of Kikubaaqudgha.
  4650 | D:6      | Reached skill level 10 in Axes
  4819 | D:6      | Found a bloodstained altar of Trog.
  5273 | D:7      | Noticed a hippogriff
  5278 | D:7      | Reached skill level 11 in Axes
  5282 | D:7      | Killed a hippogriff
  5282 | D:7      | Reached **** piety under Okawaru
  5282 | D:7      | Reached XP level 9. HP: 70/70 MP: 10/10
  5321 | D:7      | Found a staircase to the Ecumenical Temple.
  5414 | D:7      | Found a glowing silver altar of Zin.
  5414 | D:7      | Found a sacrificial altar of Ru.
  5415 | D:7      | Found a shadowy altar of Dithmenos.
  6616 | D:8      | Reached skill level 12 in Axes
  6852 | D:8      | Noticed a two-headed ogre
  6862 | D:8      | Killed a two-headed ogre
  7259 | D:9      | Reached skill level 5 in Invocations
  7325 | D:9      | Reached XP level 10. HP: 65/77 MP: 12/12
  7427 | D:9      | Noticed an orange crystal statue
  7668 | D:9      | Found a hazy altar of Hepliaklqana.
  7672 | D:9      | Reached skill level 10 in Armour
  7821 | D:9      | Reached skill level 13 in Axes
  7961 | D:9      | Reached ***** piety under Okawaru
  8314 | D:10     | Entered Level 10 of the Dungeon
  8316 | D:10     | Noticed Psyche
  8326 | D:10     | Killed Psyche
  8661 | D:10     | Received a gift from Okawaru
  8751 | D:10     | Noticed Josephine
  8763 | D:10     | Noticed a two-headed ogre
  8768 | D:10     | Killed Josephine
  8768 | D:10     | Reached skill level 14 in Axes
  8802 | D:10     | Killed a two-headed ogre
  8822 | D:10     | Reached XP level 11. HP: 12/82 MP: 15/15
  9299 | D:10     | Found a staircase to the Lair.
  9364 | D:10     | Found Xefot's Armour Boutique.
  9576 | D:10     | Bought the +2 hat of the Bear Spirit {Spirit, +Rage rN+ MR++} for 664 gold pieces
  9576 | D:10     | Found the +2 hat of the Bear Spirit {Spirit, +Rage rN+ MR++}
  9738 | D:11     | Noticed a two-headed ogre
  9765 | D:11     | Killed a two-headed ogre
 10184 | D:11     | Reached skill level 15 in Axes
 10220 | D:11     | Received a gift from Okawaru
 10238 | D:11     | Identified the Incunabulum of the True Pharaoh
 10262 | D:11     | Noticed a purple ugly thing
 10273 | D:11     | Killed a purple ugly thing
 10281 | D:11     | Noticed a cyan ugly thing
 10292 | D:11     | Killed a cyan ugly thing
 10403 | D:11     | Noticed a four-headed hydra
 10939 | D:12     | Found Raemypn's Jewellery Shoppe.
 11010 | D:12     | Noticed an eight-headed hydra
 11126 | Lair:1   | Entered Level 1 of the Lair of Beasts
 11414 | Lair:1   | Noticed a five-headed hydra
 11446 | Lair:1   | Killed a seven-headed hydra
 11446 | Lair:1   | Reached skill level 16 in Axes
 11553 | Lair:1   | Noticed Gastronok
 11564 | Lair:1   | Killed Gastronok
 11609 | Lair:1   | Reached XP level 12. HP: 52/90 MP: 3/17
 12903 | Lair:2   | Reached skill level 17 in Axes
 13272 | Lair:2   | Reached skill level 1 in Evocations
 13474 | Lair:2   | Found a staircase to the Shoals.
 14147 | Lair:3   | Received a gift from Okawaru
 14595 | Lair:4   | Identified a scroll of acquirement
 14660 | Lair:4   | Reached skill level 5 in Fighting
 15052 | Lair:4   | Received a gift from Okawaru
 15053 | Lair:4   | Got a fine cloak {god gift}
 15064 | Lair:4   | Identified the +2 cloak "Ogiptesu" {rF++ Str+4 Dex-5 SInv} (Okawaru gifted it to you on level 4 of the Lair of Beasts)
 15199 | Lair:4   | Reached skill level 18 in Axes
 15200 | Lair:4   | Found a staircase to the Snake Pit.
 15234 | Lair:4   | Reached XP level 13. HP: 83/102 MP: 14/18
 15837 | Lair:5   | Reached ****** piety under Okawaru
 15996 | Lair:5   | Slain by a tyrant leech

Skill      XL: |  1  2  3  4  5  6  7  8  9 10 11 12 13 |
---------------+----------------------------------------+-----
Axes           | 3 4 5 7 8 11 12 14 16 18 | 18.3
Armour         | 4 5 6 8 9 11 12 13 | 13.9
Invocations    | 1 2 3 5 6 8 |  8.0
Fighting       | 6 |  6.9
Evocations     | 3 4 |  4.1
Shields        | |  3.6

Action                   |  1- 3 |  4- 6 |  7- 9 | 10-12 | 13-15 || total
-------------------------+-------+-------+-------+-------+-------++-------
Melee: War axe           |    81 |   136 |   294 |   398 |       ||   909
       Headbutt          |     7 |    21 |    51 |   106 |     4 ||   189
       Executioner's axe |       |       |       |    57 |    43 ||   100
       Battleaxe         |       |       |       |     1 |       ||     1
Throw: Tomahawk          |     3 |       |     5 |       |       ||     8
Invok: Heroism           |       |       |     2 |     6 |     1 ||     9
       Finesse           |       |       |       |       |     1 ||     1
Evoke: Phial of floods   |       |       |       |     1 |       ||     1
       Wand              |       |       |       |     4 |       ||     4
  Use: Potion            |       |     1 |       |       |       ||     1
       Scroll            |       |       |    13 |     9 |       ||    22
  Eat: Chunk             |     2 |     5 |    12 |    23 |     3 ||    45
       Ration            |       |       |       |     1 |       ||     1
Armor: Scale mail        |    46 |    53 |       |       |       ||    99
       Chain mail        |       |    13 |   127 |   184 |    28 ||   352
Dodge: Dodged            |    34 |    31 |    65 |   169 |    21 ||   320
Block: Shield            |    21 |    68 |   127 |   134 |       ||   350
